 Dungeon Crawl Stone Soup version 0.30-a0-918-g0ff054e9dc (webtiles) character file.

Game seed: 10430851029587229444

11118 purpskrrrp1 the Cleaver (level 11, -3/90 HPs)
             Began as a Demonspawn Fighter on Mar 20, 2023.
             Was an Elder of Makhleb.
             Slain by a fire elemental (10 damage)
             ... summoned by a deep elf pyromancer
             ... on level 12 of the Dungeon.
             The game lasted 00:18:31 (10658 turns).

purpskrrrp1 the Cleaver (Demonspawn Fighter)       Turns: 10658, Time: 00:18:32

Health: -3/90      AC: 17    Str: 27    XL:     11   Next: 45%
Magic:  11/11      EV: 10    Int:  9    God:    Makhleb [****..]
Gold:   616        SH:  5    Dex: 13    Spells: 10/10 levels left

rFire   . . .      SeeInvis .    J - +1 broad axe (freeze)
rCold   . . .      Faith    +    c - +0 buckler
rNeg    . . .      Spirit   .    h - +6 leather armour of the Game Afoot {Will++}
rPois   .          Reflect  .    (no helmet)
rElec   .          Rampage  .    (no cloak)
rCorr   .                        p - +2 pair of gloves
Will    ++...                    (no boots)
Stlth   +                        y - amulet of faith
HPRegen 0.35/turn                f - +6 ring of strength
MPRegen 0.12/turn                r - +4 ring of protection

@: no status effects
A: ignite blood 1, sturdy frame 1, demonic magic 1, weakness stinger 2
a: Renounce Religion, Minor Destruction, Lesser Servant of Makhleb, Major
Destruction


You were on level 12 of the Dungeon.
You worshipped Makhleb.
Makhleb was greatly pleased with you.
You visited 1 branch of the dungeon, and saw 12 of its levels.

You collected 616 gold pieces.

Inventory:

Hand Weapons
 a - a +2 war axe of venom
 s - a +1 spectral battleaxe
 J - a +1 broad axe of freezing (weapon)
Missiles
 q - 3 throwing nets (quivered)
 x - 7 silver boomerangs
Armour
 b - a +0 scale mail
 c - a +0 buckler (worn)
 h - the +6 leather armour of the Game Afoot (worn) {Will++}
   (You found it on level 3 of the Dungeon)

   Will:      It greatly increases your willpower.
 i - a +0 pair of gloves
 p - a +2 pair of gloves (worn)
Jewellery
 d - a ring of fire
 f - a +6 ring of strength (left hand)
 r - a +4 ring of protection (right hand)
 y - an amulet of faith (around neck)
 H - a ring of wizardry
Wands
 u - a wand of flame (41)
 w - a wand of charming (9)
 z - a wand of acid (7)
 F - a wand of digging (8)
Scrolls
 j - a scroll of poison
 l - 3 scrolls of teleportation
 C - 2 scrolls of identify
 D - a scroll of blinking {unknown}
 I - a scroll of fog
Potions
 g - 4 potions of flight {unknown}
 k - a potion of berserk rage {unknown}
 m - 5 potions of curing
 n - 2 potions of attraction
 o - a potion of resistance {unknown}
 t - a potion of brilliance
 v - 3 potions of lignification {unknown}
 A - a potion of invisibility {unknown}
 B - a potion of haste {unknown}
 E - a potion of mutation {unknown}
 G - a potion of heal wounds


   Skills:
 + Level 9.7 Fighting
 * Level 10.8 Axes
 + Level 8.9 Armour
 - Level 5.9 Shields


You had 10 spell levels left.
You didn't know any spells.
Your spell library contained the following spells:

 Spells                   Type           Power      Damage    Failure   Level
 Beastly Appendage        Tmut           0%         N/A       47%         1
 Ensorcelled Hibernation  Hex/Ice        0%         N/A       63%         2
 Hailstorm                Conj/Ice       0%         3d3       85%         3
 Inner Flame              Hex/Fire       0%         N/A       85%         3
 Spider Form              Tmut/Pois      0%         N/A       85%         3
 Tukima's Dance           Hex            0%         N/A       85%         3
 Airstrike                Air            0%         2d(0-16)  99%         4
 Anguish                  Hex/Necr       0%         N/A       99%         4
 Fulminant Prism          Conj/Hex       0%         3d5       99%         4
 Ice Form                 Ice/Tmut       0%         N/A       99%         4
 Passage of Golubria      Tloc           0%         N/A       99%         4
 Summon Lightning Spire   Summ/Air       0%         N/A       99%         4
 Alistair's Intoxication  Tmut/Pois      0%         N/A       100%        5
 Borgnjor's Vile Clutch   Necr/Erth      0%         N/A       100%        5
 Plasma Beam              Fire/Air       0%         2x1d11    100%        5
 Yara's Violent Unravell  Hex/Tmut       0%         3d3       100%        5
 Eringya's Noxious Bog    Tmut/Pois      0%         N/A       100%        6
 Simulacrum               Ice/Necr       0%         N/A       100%        6


Dungeon Overview and Level Annotations

Branches:
Dungeon (12/15)            Temple (0/1) D:4            Lair (0/5) D:10
    Orc (0/2) D:11

Altars:
Makhleb
Okawaru
Ru
Sif Muna
Uskayaw
Wu Jian

Shops:
D:3 (   D:7 =


Innate Abilities, Weirdness & Mutations

Your demonic aura sometimes causes spilled blood to erupt in flames.
Your movements are slightly less encumbered by armour. (ER -2)
Spells you cast may paralyse adjacent enemies.
You have a tail ending in a sharp stinger.


Message History

You freeze the fire elemental. You block the fire elemental's attack.
The fire elemental hits you. The fire elemental burns you!
The vampire hits you. The vampire barely misses you.
The deep elf pyromancer mumbles some strange words.
Unknown command.
You slash the vampire!
The vampire is moderately damaged.
You miss the fire elemental. You closely miss the fire elemental.
The centaur shoots an arrow.
The arrow closely misses you. The fire elemental hits you.
The fire elemental burns you! The fire elemental hits you.
The fire elemental burns you!
The centaur shoots an arrow.
The arrow hits you. The arrow burns you. The fire elemental hits you.
The fire elemental burns you!
* * * LOW HITPOINT WARNING * * *
The vampire mumbles some strange words.
The vampire flickers and vanishes!
Deactivating autopickup; reactivate with Ctrl-A.
The fire elemental hits you. The fire elemental burns you!
* * * LOW HITPOINT WARNING * * *
It was a potion of cancellation.
You feel magically purged.
The centaur shoots an arrow.
The arrow hits you.
* * * LOW HITPOINT WARNING * * *
The arrow burns you.
* * * LOW HITPOINT WARNING * * *
You block the fire elemental's attack. The fire elemental hits you.
The fire elemental burns you!
* * * LOW HITPOINT WARNING * * *
Something hits you but does no damage. Something bites you but does no damage.
The deep elf pyromancer hits you but does no damage.
You feel much better.
The centaur shoots an arrow.
The arrow closely misses you. The fire elemental hits you.
The fire elemental burns you!
* * * LOW HITPOINT WARNING * * *
The fire elemental hits you. The fire elemental burns you!
* * * LOW HITPOINT WARNING * * *
The centaur shoots an arrow.
You block the arrow. Something hits you but does no damage.
Something bites you but does no damage.
The deep elf pyromancer barely misses you.
The fire elemental hits you. The fire elemental burns you!
You die...

##..........
#####....|>.....
..........^.c...
................
...............
...............
#.##.○Ee....... ###.#
#☼E@{......
#######...####E....#...
#...............####
#..........######
##.........##
#..........#
..###....### .
#.#############
#.##..........#


You could see a deep elf pyromancer, 3 fire elementals and a centaur.

Vanquished Creatures
  A two-headed ogre (D:8)
  2 boulder beetles (D:11)
  An ugly thing (D:11)
  A cyclops (D:12)
  A gargoyle (D:12)
  2 unseen horrors
  2 trolls
  Sigmund (D:5)
  A shadow (D:11)
  9 yaks
  6 wyverns
  2 steam dragons
  An acid dragon (D:11)
  7 water moccasins
  9 orc warriors
  A black bear (D:6)
  2 ogres
  A centaur (D:8)
  A phantom (D:6)
  2 kobold brigands (D:9)
  Blork the orc (D:5)
  3 bullfrogs
  A gnoll sergeant (D:10)
  3 scorpions
  12 wights
  4 howler monkeys
  A hound (D:6)
  4 jellies
  8 orc priests
  2 iguanas
  3 sleepcaps
  Terence (D:3)
  12 orc wizards
  7 gnolls
  8 adders
  3 white imps
  An ufetubus (D:6)
  A worm (D:5)
  A dart slug (D:5)
  38 orcs
  2 ball pythons (D:1)
  4 bats
  7 endoplasms
  5 giant cockroaches
  7 goblins
  8 hobgoblins
  2 jackals (D:3)
  3 quokkas
  2 frilled lizards
  20 kobolds
  5 rats
232 creatures vanquished.

Vanquished Creatures (others)
  3 fungi (D:10)
  44 plants
47 creatures vanquished.

Grand Total: 279 creatures vanquished

Notes
Turn   | Place    | Note
-------+----------+-------------------------------------------
     0 | D:1      | purpskrrrp1 the Demonspawn Fighter began the quest for the
                  | Orb.
     0 | D:1      | Reached XP level 1. HP: 18/18 MP: 1/1
    87 | D:1      | Reached skill level 2 in Axes
   195 | D:1      | Gained mutation: You have a small tail. [demonic ancestry]
   195 | D:1      | Reached XP level 2. HP: 24/24 MP: 2/2
   244 | D:1      | You fall into a shaft and drop 1 floor!
   405 | D:2      | Gained mutation: Spells you cast may paralyse adjacent
                  | enemies. [demonic ancestry]
   405 | D:2      | Reached XP level 3. HP: 29/29 MP: 3/3
  1270 | D:1      | Reached XP level 4. HP: 35/35 MP: 4/4
  1640 | D:3      | Found Nosi's Antique Weapon Shoppe.
  1667 | D:3      | Noticed Terence
  1674 | D:3      | Killed Terence
  1779 | D:3      | Got the Annotations on Reshaped Imprecation
  1843 | D:3      | Identified the +6 leather armour of the Game Afoot {Will++}
  2155 | D:4      | Reached XP level 5. HP: 30/42 MP: 5/5
  2157 | D:4      | Reached skill level 3 in Axes
  2378 | D:4      | Found a staircase to the Ecumenical Temple.
  2597 | D:4      | Identified the +0 robe of Fedhas's Displeasure {rF+ Str+4}
  2637 | D:4      | Found a sacrificial altar of Ru.
  2766 | D:4      | Gained mutation: You have a tail ending in a sharp stinger.
                  | [demonic ancestry]
  2766 | D:4      | Reached XP level 6. HP: 43/48 MP: 6/6
  2950 | D:4      | Found a burning altar of Makhleb.
  2962 | D:4      | Became a worshipper of Makhleb the Destroyer
  3075 | D:5      | Entered Level 5 of the Dungeon
  3328 | D:5      | Noticed Sigmund
  3361 | D:5      | Killed Sigmund
  3362 | D:5      | Reached XP level 7. HP: 46/55 MP: 7/7
  3745 | D:5      | Found an ornate altar of the Wu Jian Council.
  4005 | D:5      | Noticed Blork the orc
  4011 | D:5      | Killed Blork the orc
  4012 | D:5      | Reached skill level 5 in Fighting
  4012 | D:5      | Reached skill level 4 in Axes
  4187 | D:5      | Noticed an angel
  4561 | D:6      | Reached skill level 5 in Armour
  4571 | D:6      | Reached skill level 5 in Shields
  4571 | D:6      | Gained mutation: Your demonic aura sometimes causes spilled
                  | blood to erupt in flames. [demonic ancestry]
  4571 | D:6      | Reached XP level 8. HP: 63/63 MP: 8/8
  5211 | D:6      | Reached skill level 5 in Axes
  5271 | D:7      | Found Cicuphyg's Jewellery Shop.
  5278 | D:7      | Reached * piety under Makhleb
  5485 | D:7      | Gained mutation: Your movements are slightly less
                  | encumbered by armour. (ER -2) [demonic ancestry]
  5485 | D:7      | Reached XP level 9. HP: 71/71 MP: 9/9
  5784 | D:7      | Reached skill level 6 in Axes
  6265 | D:8      | Reached ** piety under Makhleb
  6337 | D:8      | Found an iron altar of Okawaru.
  6385 | D:8      | Reached skill level 7 in Axes
  6457 | D:8      | Noticed a two-headed ogre
  6471 | D:8      | Killed a two-headed ogre
  6492 | D:8      | Reached XP level 10. HP: 25/80 MP: 10/10
  6686 | D:8      | Reached skill level 8 in Axes
  6733 | D:8      | Found a hide-covered altar of Uskayaw.
  6945 | D:8      | Found a shimmering blue altar of Sif Muna.
  8282 | D:9      | Reached *** piety under Makhleb
  8664 | D:10     | Entered Level 10 of the Dungeon
  8667 | D:10     | Found a staircase to the Lair.
  8683 | D:10     | Reached skill level 9 in Axes
  9318 | D:10     | Reached **** piety under Makhleb
  9452 | D:11     | Reached XP level 11. HP: 83/89 MP: 11/11
  9454 | D:11     | Reached skill level 10 in Axes
  9467 | D:11     | Noticed a cyan ugly thing
  9474 | D:11     | Killed a cyan ugly thing
  9478 | D:11     | Found a staircase to the Orcish Mines.
  9481 | D:11     | Noticed a boulder beetle
  9494 | D:11     | Killed a boulder beetle
  9522 | D:11     | Noticed a boulder beetle
  9538 | D:11     | Killed a boulder beetle
 10365 | D:12     | Noticed a four-headed hydra
 10365 | D:12     | Noticed a red ugly thing
 10651 | D:12     | Noticed a deep elf pyromancer
 10657 | D:12     | HP: 2/90 [fire elemental[a deep elf pyromancer] (10)]
 10658 | D:12     | Slain by a fire elemental

Illustrated notes

Levels and vault maps discovered:
D:1:      dpeg_arrival_round_c, layout_loops_ring
D:2:      layout_basic, serial_bayou_lagoon_a, hangedman_decor_riveting
D:3:      layout_rooms, serial_shops, nicolae_shop_competitors_out_of_business,
          uniq_terence
D:4:      layout_loops_ring, marbit_many_paths, nicolae_overflow_hidden_temple,
          elyvilon_altar_1, minmay_temple_entry_gardened_gates
D:5:      layout_basic, mainiacjoe_overflow_six_doors_small, zin_angel,
          minivault_25, uniq_blork_the_orc, uniq_sigmund
D:6:      minmay_skewed_foursquare, layout_basic, dreamdust_princess_bridge,
          nicolae_underground_beach
D:7:      layout_basic, serial_shops, nicolae_diamond_shop
D:8:      layout_cave_pools, nicolae_sif_muna_little_library,
          mainiacjoe_overflow_alcove_1, okawaru_trees_1
D:9:      cheibrodos_iron_armory, layout_grid_maze
D:10:     layout_loops_ring, minmay_lair_entry_grove
D:11:     layout_rooms, david_orc_2, minmay_misc_feat_pillars
D:12:     layout_rooms, gammafunk_ghost_spectres

Skill      XL: |  1  2  3  4  5  6  7  8  9 10 11 |
---------------+----------------------------------+-----
Axes           | 2 3 4 5 7 9 10 | 10.8
Armour         | 3 4 5 6 7 8 |  8.9
Shields        | 3 4 5 |  5.9
Fighting       | 4 5 6 7 9 |  9.7

Action                     |  1- 3 |  4- 6 |  7- 9 | 10-12 || total
---------------------------+-------+-------+-------+-------++-------
  Melee: War axe           |    95 |    77 |   121 |       ||   293
         Tailslap          |     6 |     5 |    39 |    36 ||    86
         Battleaxe         |       |       |   136 |   206 ||   342
         Broad axe         |       |       |       |    14 ||    14
    Use: Scroll            |     4 |     7 |     3 |     6 ||    20
         Potion            |       |     1 |     4 |     3 ||     8
   Stab: Sleeping          |       |       |     2 |       ||     2
         Distracted        |       |       |       |     2 ||     2
 Armour: Scale mail        |    50 |    17 |       |       ||    67
         Leather armour    |       |    16 |   170 |   143 ||   329
  Dodge: Dodged            |    44 |    36 |   154 |   124 ||   358
  Block: Buckler           |    15 |    22 |    35 |    11 ||    83

Table legend: (Time is in decaauts)
 A = Elapsed time spent in this place.
 B = Non-inter-level travel time spent in this place.
 C = Inter-level travel time spent in this place.
 D = Time resting spent in this place.
 E = Time spent auto-exploring this place.
 F = Levels seen in this place.
 G = Mean time per level.
                   A        B        C        D        E       F      G
               +--------+--------+--------+--------+--------+-----+--------+
         Total |  10873 |  10255 |    618 |   1038 |   7477 |  12 |  906.1 |
       Dungeon |  10873 |  10255 |    618 |   1038 |   7477 |  12 |  906.1 |
               +--------+--------+--------+--------+--------+-----+--------+

Top non-repeatable levels by time:
     D:9: 1646 daAuts
     D:5: 1218 daAuts
     D:7: 1033 daAuts
     D:6: 1005 daAuts
     D:2: 988 daAuts
     D:4: 936 daAuts
    D:11: 893 daAuts
    D:10: 800 daAuts
     D:8: 797 daAuts
     D:1: 696 daAuts
     D:3: 527 daAuts
    D:12: 328 daAuts
